[Event "67th Mexican-ch Open 2022"]
[Site "Chihuahua"]
[Date "2022.04.15"]
[Round "4.16"]
[White "Gonzalez Arroyo, Lenin"]
[Black "Kowalski Davila, Emilio Luis"]
[Result "1-0"]
[ECO "B19"]
[WhiteElo "2210"]
[BlackElo "1735"]
[Annotator "TA"]
[PlyCount "37"]
[EventDate "2022.04.12"]
[EventType "swiss"]
[EventCountry "MEX"]
[SourceTitle "playchess.com"]
[Source "ChessBase"]
[SourceQuality "1"]
[TimeControl "5400+30"]

1. e4 c6 2. d4 d5 3. Nc3 dxe4 4. Nxe4 Bf5 5. Ng3 Bg6 6. h4 h6 7. Nf3 Nd7 8. h5 Bh7 9. Bd3 Bxd3 10. Qxd3 e6 11. Bd2 Ngf6 12. O-O-O Be7 13. Kb1 Qc7 14. Ne4 b5 {[%emt 0:14:08] B19: Classical Caro-Kann: 4...Bf5 main line.} 15. Nxf6+ Nxf6 16. Ne5 {[%emt 0:00:32] [#]} Bd6 $146 ({Predecessor:} 16... Rd8 17. g4 Bd6 18. f4 Nd5 19. Rhe1 Bxe5 20. Rxe5 Nf6 21. Ree1 O-O 22. g5 hxg5 23. h6 g4 24. hxg7 Kxg7 25. f5 Rd5 26. Qe3 Rxf5 27. Qh6+ Kg8 28. Rh1 {1-0 (28) Kernazhitsky,L (2357)-Cherniakhovsky,P (2270) Kiev 2001}) 17. Qg3 (17. f4 $16) 17... Kf8 (17... Ne4 $1 $11 {remains equal.} 18. Qe3 (18. Qxg7 Bxe5 19. dxe5 O-O-O $17) 18... Nxd2+ 19. Rxd2 (19. Qxd2 c5 $11) 19... Rc8) 18. Bf4 {[%emt 0:02:52] &Bianco is much more active. The black rooks are badly placed.} (18. Bb4 $16 Kg8 19. Bxd6 Qxd6 20. Qd3) 18... Nd5 $2 {[%emt 0:04:44][%mdl 8192] [#]} (18... Kg8 $14) 19. Ng6+ $1 {[%emt 0:00:33][%mdl 512] Weighted Error Value: White=0.33/Black=1.81} 1-0

[Event "67th Mexican-ch Open 2022"]
[Site "Chihuahua"]
[Date "2022.04.15"]
[Round "4.18"]
[White "Flores Guerrero, Jesus Aldair"]
[Black "Garduno Huerta, Joshua Emiliano"]
[Result "1-0"]
[ECO "D00"]
[WhiteElo "2251"]
[BlackElo "1622"]
[Annotator "TA"]
[PlyCount "153"]
[EventDate "2022.04.12"]
[EventType "swiss"]
[EventCountry "MEX"]
[SourceTitle "playchess.com"]
[Source "ChessBase"]
[SourceQuality "1"]
[TimeControl "5400+30"]

1. f4 d5 2. Nf3 Nf6 3. e3 Bf5 4. d4 e6 5. Bd3 Bg6 6. O-O {[%emt 0:01:07] D00: 1 d4 d5: Unusual lines.} c5 7. c3 Be7 8. Ne5 {[%emt 0:00:32] The position is equal.} Bxd3 9. Qxd3 {[%emt 0:01:37] [#]} Ne4 $146 ({Predecessor:} 9... O-O 10. Nd2 Nbd7 11. Rf3 Nxe5 12. dxe5 c4 13. Qc2 Nd7 14. Rh3 g6 15. e4 Qb6+ {0-1 (41) Eremeenko,V (1956)-Kutepov,D (2084) Anapa 2008}) 10. Qb5+ Nc6 11. Nxc6 Qd7 {[%emt 0:00:25][%mdl 64] [#] Pin} 12. Nxa7 Rxa7 13. Qxd7+ Kxd7 14. Nd2 Nxd2 15. Bxd2 b5 16. a3 Rha8 17. dxc5 Bxc5 18. g4 f5 19. gxf5 exf5 20. Kf2 Re8 21. Ke2 Kc6 22. Kd3 Kd6 23. Rf3 Ke6 24. Rg1 Kd6 (24... Kf6 $14) 25. h4 ({White should play} 25. Rh3 $16) 25... Ke6 26. Rfg3 Rg8 27. Rg5 Rf7 28. Be1 Be7 29. R5g2 Bc5 30. Rg3 Be7 31. R3g2 Bc5 32. Ke2 Be7 33. Bf2 Bd6 34. Kd2 Be7 35. Kc2 Bf6 36. Rh2 Rc8 37. h5 Kd6 ({Black should try} 37... Be7 $14) 38. Bh4 $16 Bxh4 39. Rxh4 {[%emt 0:00:13][%mdl 4096] Endgame KRR-KRR} Re8 40. Rh3 Rfe7 41. Rhg3 Rg8 42. Rg5 Rf7 43. Kb3 Kc5 44. Rd1 Re8 45. Rd3 Re6 46. Rg1 Rh6 47. Rg5 Re6 48. Kc2 {[%emt 0:00:09] White leaves nothing to chance now.} Ra6 49. Rd4 Ra8 {[%emt 0:01:48] [#]} (49... Re6 $16 {is a better defense.}) 50. e4 $1 $18 fxe4 (50... dxe4 $142 51. Rxe4 Rd8 52. Re5+ Rd5) 51. Rdxd5+ Kc6 52. Rc5+ (52. Rxb5 Rxf4 53. Rbc5+ Kd6 $18) 52... Kd6 53. Rcf5 ({Don't do} 53. Rxb5 Rxf4 54. Rxg7 Rf2+ 55. Kd1 e3 $18) 53... Raf8 54. Rxf7 Rxf7 {[%emt 0:00:01] KR-KR} 55. Kd2 (55. Rxb5 Rxf4 56. Kd2 Kc6 $18) 55... Rxf4 56. Ke3 {[%emt 0:00:27] Inhibits Rf2.} ({Not} 56. Rxb5 Kc6 57. Ke3 Rf1 $18) ({Weaker is} 56. Rxg7 Rf2+ 57. Ke3 Rxb2 $16) 56... Rh4 57. Rxb5 Kc6 (57... g6 $142 58. hxg6 hxg6) 58. a4 Rh3+ 59. Kxe4 Rh4+ 60. Kd3 Rxa4 61. Rg5 Rh4 62. b4 Kb6 63. Kc2 {[%emt 0:00:10] And now Kb3 would win.} Rh2+ 64. Kb3 Rh1 65. Rxg7 Rxh5 66. c4 Rh1 67. c5+ $2 (67. Re7 Rb1+ 68. Kc3) 67... Kb5 $2 (67... Kc6 68. Rg8 Rb1+ 69. Kc4 Rc1+ 70. Kb3 Rb1+ 71. Kc3 Rc1+ 72. Kd2 Rb1) 68. Rb7+ Kc6 69. Rb6+ Kc7 70. Kc4 {[%emt 0:00:13] aiming for Ra6.} h5 71. Kb5 {[%emt 0:00:22] White mates.} Rg1 72. Rh6 Rg5 73. Rh7+ Kc8 74. Kb6 Rg4 75. b5 h4 76. c6 Rg8 77. Ra7 {[%emt 0:00:35] Weighted Error Value: White=0.06 (flawless) /Black=0.16 (very precise)} 1-0

[Event "67th Mexican-ch Open 2022"]
[Site "Chihuahua"]
[Date "2022.04.15"]
[Round "4.19"]
[White "Paredes Guzman, Francisco Javier"]
[Black "Fernandez Hernandez, Arturo A."]
[Result "0-1"]
[ECO "A96"]
[WhiteElo "1891"]
[BlackElo "2376"]
[Annotator "TA"]
[PlyCount "124"]
[EventDate "2022.04.12"]
[EventType "swiss"]
[EventCountry "MEX"]
[SourceTitle "playchess.com"]
[Source "ChessBase"]
[SourceQuality "1"]
[TimeControl "5400+30"]

1. d4 f5 2. c4 e6 3. Nf3 Be7 4. Nc3 Nf6 5. g3 O-O 6. Bg2 d6 7. O-O Ne4 8. Nxe4 {[%emt 0:00:00] A96: Classical Dutch: Fluid Systems: Early deviations.} fxe4 9. Nd2 d5 10. f3 {[%emt 0:00:00] White is slightly better.} exf3 11. Nxf3 Nc6 12. b3 Bf6 13. Bb2 Bd7 {[%emt 0:00:41] [#]} 14. Qd3 $146 ({Predecessor:} 14. Qd2 Qe7 15. a4 Rfd8 16. Kh1 Be8 17. Ba3 Qd7 18. Ne5 Nxe5 19. dxe5 Be7 20. Bxe7 Qxe7 21. cxd5 {0-1 (59) Tejkal,J (1964)-Pekar,V (2157) Litomysl 2012}) 14... Be8 15. Bh3 (15. Ne5 $14) 15... Bf7 (15... Qe7 {looks sharper.} 16. cxd5 exd5 17. Ne5 Rd8) 16. e4 dxe4 17. Qxe4 Qd6 18. a3 (18. Qe3 $16) 18... Rae8 19. Rad1 Na5 20. Bc3 Nc6 21. b4 $1 a6 22. Ne5 (22. Rd2 $16) 22... Bxe5 $14 23. dxe5 Qe7 24. Qe3 Bh5 25. Rd2 (25. Rd3 {is interesting.} Rd8 26. Rxf8+ Kxf8 27. Rxd8+ Nxd8 28. Bf1) 25... Rxf1+ 26. Bxf1 Nd8 ({Black should play} 26... Rd8 $14) 27. Bg2 $16 c6 28. a4 ({White should try} 28. Bd4 $16) 28... Nf7 $11 29. b5 Qa3 {[%emt 0:01:50] Threatens to win with ...Qc1+.} 30. bxc6 Qc1+ 31. Bf1 $1 {[%emt 0:00:08] [#]} (31. Kf2 $2 Nh6 32. Bf3 Rf8 $19) 31... bxc6 (31... Ng5 $1 $15 32. Rd3 (32. Qxg5 $2 Rf8 $19) 32... Qb1) 32. Rd3 Qc2 33. a5 $36 {[%emt 0:00:32][%mdl 2048] White is pushing.} Rf8 34. Rd2 Qc1 35. Rd3 Qb1 {[%emt 0:00:21][%cal Of7e5] aiming for ...Nxe5!} 36. Qb6 Qc2 {[%emt 0:01:15] And now ...Ng5 would win.} 37. Qb2 Qa4 38. Qb4 Qc2 39. Qb2 (39. Rd2 {keeps more tension.} Qc1 40. Qb2 Qe1 41. Rf2) 39... Qxb2 40. Bxb2 Rb8 {[%emt 0:00:14] Inhibits Rb3.} 41. Rd2 c5 42. h4 Rb3 43. Bh3 Rxg3+ 44. Kh2 Rg6 45. Rd7 Be2 46. Rc7 h5 (46... Nh6 $5 ) 47. Rxc5 {[%emt 0:00:38] Strongly threatening Rc8+.} Nh6 $1 {[%emt 0:00:41] White must now prevent ...Ng4+.} 48. Bc1 Ng4+ 49. Bxg4 (49. Kg1 $14 {keeps the upper hand.} Nxe5+ 50. Bg5 Nxc4 51. Bg2) 49... Rxg4 $14 {[%emt 0:02:09][%mdl 4096] Endgame KRB-KRB} 50. Bg5 Bxc4 ({Reject} 50... Rxc4 $6 51. Rxc4 Bxc4 52. Kg3 $11) 51. Rc8+ Kh7 52. Rf8 Bd5 53. Rf2 Ra4 54. Bd8 Re4 55. Rf7 Kg6 {[%emt 0:00:27] ...Re2+ is the strong threat.} 56. Ra7 Bc4 ({Worse is} 56... Rxe5 57. Rxa6 Re2+ 58. Kg1 $15) 57. Be7 Kf5 58. Bd8 g6 59. Bf6 Kg4 {[%emt 0:00:12] ( -> ...Re2+)} 60. Rc7 $2 {[%emt 0:00:17] [#]} (60. Rg7 $19) 60... Re2+ $1 {[%emt 0:00:26] Black mates.} 61. Kg1 {[%emt 0:00:11] [#]} Kg3 $1 62. Kf1 Re4+ {[%emt 0:00:05] Weighted Error Value: White=0.29 (precise) /Black=0.08 (flawless)} 0-1

[Event "67th Mexican-ch Open 2022"]
[Site "Chihuahua"]
[Date "2022.04.15"]
[Round "4.20"]
[White "Amezcua Luria, Jesus"]
[Black "Maass Garza R, Alejandro"]
[Result "0-1"]
[ECO "D93"]
[WhiteElo "2001"]
[BlackElo "2265"]
[Annotator "TA"]
[PlyCount "48"]
[EventDate "2022.04.12"]
[EventType "swiss"]
[EventCountry "MEX"]
[SourceTitle "playchess.com"]
[Source "ChessBase"]
[SourceQuality "1"]
[TimeControl "5400+30"]

1. d4 Nf6 2. c4 d5 3. Nc3 g6 4. Bf4 c6 5. Nf3 Bg7 6. e3 O-O 7. Be2 dxc4 8. Bxc4 Nbd7 9. h3 {[%emt 0:01:09] D93: Grünfeld: 4 Nf3 Bg7 5 Bf4 0-0 6 e3.} Nb6 10. Bb3 Nbd5 11. Bh2 {[%emt 0:00:20] The position is equal.} Nxc3 12. bxc3 Qa5 13. Rc1 Ne4 14. O-O Qh5 15. Ne5 {[%emt 0:03:16] [#]} Qg5 $146 ({Better is} 15... Qxd1 $14 16. Rfxd1 Bh6) ({Predecessor:} 15... Qh4 16. Qe2 a5 17. a4 b5 18. axb5 cxb5 19. Bd5 Bxe5 20. Bxe5 Be6 21. g3 Qxh3 22. Bxe4 {1-0 (41) Inkiov,V (2445)-Drose,D (2010) Paderborn 2015}) 16. Bf4 $16 Qh4 17. Nf3 Qh5 18. Nd2 (18. Qc2 $16 Bf5 19. Qd1) 18... Nxd2 19. Qxd2 g5 20. Bg3 Qg6 21. Rce1 g4 22. hxg4 Bxg4 23. e4 {[%emt 0:06:50] Prevents Bf5.} Bh6 24. Bf4 {[%emt 0:00:12][%mdl 8192] [#]} (24. f4 $16) 24... Bf3 $1 {[%emt 0:00:11] Weighted Error Value: White=0.60/Black=0.13 (very precise)} ({Not} 24... Bh3 25. g3 Bxf4 26. Qxf4 $17) 0-1

[Event "67th Mexican-ch Open 2022"]
[Site "Chihuahua"]
[Date "2022.04.15"]
[Round "4.21"]
[White "Ramirez Esqueda, Edson Oswaldo"]
[Black "Avila Rodriguez, Joshua Ad"]
[Result "0-1"]
[ECO "B90"]
[WhiteElo "1931"]
[BlackElo "2182"]
[Annotator "TA"]
[PlyCount "84"]
[EventDate "2022.04.12"]
[EventType "swiss"]
[EventCountry "MEX"]
[SourceTitle "playchess.com"]
[Source "ChessBase"]
[SourceQuality "1"]
[TimeControl "5400+30"]

1. e4 c5 2. Nf3 d6 3. d4 cxd4 4. Nxd4 Nf6 5. Nc3 a6 6. f3 e5 7. Nb3 Be7 8. Be3 Be6 9. Qd2 h5 10. O-O-O Nbd7 11. Kb1 Rc8 $1 {[%emt 0:00:34][%mdl 4] is now more promising than 11...b5.} 12. Nd5 {[%emt 0:00:27] B90: Sicilian Najdorf: Unusual White 6th moves, 6 Be3 Ng4 and 6 Be3 e5.} Nxd5 13. exd5 Bf5 14. Bd3 {[%emt 0:00:29] The position is equal.} Bxd3 15. Qxd3 Bg5 16. Bf2 O-O 17. h4 Bh6 18. g4 $1 Bf4 {[%emt 0:00:06] [#]} 19. Rhg1 $146 ({Predecessor:} 19. Nd2 Bxd2 20. Rxd2 Nf6 21. Be3 e4 22. fxe4 Nxg4 23. Bd4 Qe7 24. Qf3 {0-1 (38) Maidel,A (2347)-Aveskulov,V (2529) Chess.com INT 2017}) 19... hxg4 20. Rxg4 {[%emt 0:02:23] Black must now prevent Rdg1.} f5 21. Rg2 b5 (21... Bh6 $11 {is more appropriate.}) 22. Rdg1 $14 Rf7 23. Rg6 (23. h5 $14) 23... Nf8 (23... e4 $5 24. Qd1 (24. fxe4 $2 Ne5 $17) 24... Ne5 $11) 24. R6g2 Qf6 (24... Nd7 $11 {remains equal.}) 25. Be1 (25. Na5 $1 $16) 25... Re8 26. Qc3 Ree7 27. Na5 ({Much weaker is} 27. Qc8 Be3 $11) 27... Qh6 28. Nc6 Re8 $1 29. Bf2 {[%emt 0:00:43] Inhibits Be3.} Bd2 (29... Qh5 $142) 30. Qd3 (30. Qa3 $16) 30... e4 $1 31. fxe4 (31. Qe2 $1 $14 e3 32. Be1 Bxe1 33. Qxe1) 31... fxe4 $11 32. Qd4 (32. Qe2 $1 $11 e3 33. Be1 Bxe1 34. Qxe1) 32... e3 $1 $19 33. Be1 Bxe1 34. Rxe1 e2 ({Black should play} 34... Ng6 $19 35. Rge2 Nxh4) 35. Rgg1 $17 Qh5 $40 {[%emt 0:08:25][%mdl 128] Black has strong attack.} 36. Rg5 Qf3 {[%emt 0:01:24] Threatens to win with ...Re4.} 37. b3 (37. a3 $17) 37... Re4 $19 38. Qg1 (38. Qd2 {is the only way for White.}) 38... Qf1 (38... Qc3 $142 39. Nd4 Rxd4 40. Rxe2 Rxh4) 39. Nd8 $2 {[%emt 0:01:44] [#]} ({Wrong is} 39. Rxg7+ $2 Rxg7 40. Rxf1 Rf4 $3 41. Qxg7+ (41. Ne7+ $2 Kh8 $19) 41... Kxg7 42. Rxf4 (42. Rg1+ $2 Kf6 $19) 42... e1=Q+ 43. Kb2 Nd7 $19) (39. Kb2 Qf6+ 40. c3) 39... Qxg1 $2 (39... Qxe1+ $1 $19 40. Qxe1 Rf1) 40. Rgxg1 $15 Rf5 {[%emt 0:00:27][%cal Of8g6] ...Ng6! is the strong threat.} (40... Rf2 $5 41. Kc1 Rxh4 $15) 41. Rg5 {[%emt 0:02:40][%mdl 8192] Against Ng6} (41. Kc1 $11) 41... Rf1 $19 42. Rg1 Rxg1 {[%emt 0:00:06] Weighted Error Value: White=0.71/Black=0.37} 0-1

[Event "67th Mexican-ch Open 2022"]
[Site "Chihuahua"]
[Date "2022.04.15"]
[Round "4.22"]
[White "De Loera Torres, Naxhelli Stella"]
[Black "Luna Javier, Edgar Froylan"]
[Result "0-1"]
[ECO "D80"]
[WhiteElo "1556"]
[BlackElo "2148"]
[Annotator "TA"]
[PlyCount "36"]
[EventDate "2022.04.12"]
[EventType "swiss"]
[EventCountry "MEX"]
[SourceTitle "playchess.com"]
[Source "ChessBase"]
[SourceQuality "1"]
[TimeControl "5400+30"]

1. d4 Nf6 2. c4 g6 3. Nc3 d5 4. h4 c5 5. cxd5 Nxd5 6. dxc5 {[%emt 0:01:42] D80: Grünfeld: Unusual White 4th moves and 4 Bg5.} Nxc3 {[%emt 0:00:18][%csl Gc3][%cal Rd8d1] [#]} 7. Qxd8+ Kxd8 8. bxc3 {[%emt 0:00:13] The position is equal.} Bg7 9. Bd2 Na6 (9... Nd7 $5 ) 10. O-O-O {[%emt 0:04:48] [#] Threatens to win with Bh6+.} Bd7 11. c6 bxc6 {[%emt 0:00:09] [#]} 12. g4 $146 (12. e4 $11 Nc5 13. f3) ({Predecessor:} 12. e4 Nc5 13. f3 Kc7 14. h5 Rab8 15. Bc4 f5 16. Re1 Rb6 17. Kc2 Rhb8 18. Bc1 {½-½ (28) Rice,P (2342)-Colucci,P (2241) ICCF email 2021}) 12... Kc7 13. g5 Rab8 {[%emt 0:05:13] And now ...Bf5 would win.} 14. h5 $2 {[%emt 0:04:58][%mdl 8192] This move loses the game for White.} (14. Bh3 $15 Bxh3 15. Nxh3) 14... Bf5 $19 15. Bf4+ e5 {[%emt 0:00:01] White must now prevent ...Rb1+.} 16. Bxe5+ Bxe5 17. e4 Bxe4 {[%emt 0:00:33] ( -> ...Bf4+)} 18. f3 Bf4+ {[%emt 0:00:02] Weighted Error Value: White=1.34/Black=0.06 (flawless)} 0-1

[Event "67th Mexican-ch Open 2022"]
[Site "Chihuahua"]
[Date "2022.04.15"]
[Round "4.23"]
[White "Palma Villanueva, Miguel Ta"]
[Black "Flores Teillery, Alejandro Francisco "]
[Result "1/2-1/2"]
[ECO "B92"]
[WhiteElo "2210"]
[BlackElo "1879"]
[Annotator "TA"]
[PlyCount "90"]
[EventDate "2022.04.12"]
[EventType "swiss"]
[EventCountry "MEX"]
[SourceTitle "playchess.com"]
[Source "ChessBase"]
[SourceQuality "1"]
[TimeControl "5400+30"]

1. e4 c5 2. Nf3 d6 3. d4 cxd4 4. Nxd4 Nf6 5. Nc3 a6 6. Be2 e5 7. Nb3 Be7 8. O-O O-O 9. a4 Nc6 10. Bf3 {[%emt 0:03:06] [#] B92: Sicilian Najdorf: 6 Be2.} Bd7 $146 ({Predecessor:} 10... Nb4 11. Bg5 Be6 12. Re1 Rc8 13. Nd2 h6 14. Bh4 b5 15. axb5 axb5 16. Nf1 Nxc2 17. Qxc2 b4 18. Ne3 bxc3 19. bxc3 Qd7 20. Red1 Rc6 21. c4 Rfc8 22. Be2 Nh7 23. Bxe7 {½-½ (23) Kasimdzhanov,R (2652)-Nigmatov,O (2452) Tashkent 2019}) 11. Bg5 Nb4 12. Ne2 Be6 13. Ng3 g6 14. Qd2 Nc6 15. Bh6 Re8 16. Nf5 Bxb3 17. cxb3 Bf8 $1 18. Bxf8 {[%emt 0:08:25][%cal Od2h6] [#] And now Qh6! would win.} Rxf8 19. Nxd6 Nd4 20. Nc4 Nxf3+ 21. gxf3 Qxd2 22. Nxd2 Rfd8 23. Nc4 Rd3 $1 24. Ra3 Re8 25. Ne3 Rc8 26. b4 Rxa3 27. bxa3 $11 {[%emt 0:00:02][%mdl 4096] Endgame KRN-KRN} Rc3 28. a5 Rxa3 29. Rb1 {[%emt 0:00:01] Prevents Rb3.} Nh5 30. Nc4 Rxf3 31. Nxe5 Rc3 32. Nd7 Rc7 33. Nc5 Kf8 34. Rd1 Ke7 $1 {[%emt 0:00:28] Against Rd6} 35. e5 Nf4 36. Rd6 Ne6 37. Nxe6 fxe6 {[%emt 0:00:05] KR-KR} 38. Rb6 h6 39. Kg2 Kf7 40. Kg3 g5 41. h4 {[%emt 0:02:06] [#] aiming for hxg5.} Rc3+ 42. f3 gxh4+ {[%emt 0:00:03] The position is equal.} 43. Kxh4 {[%emt 0:00:04] Kh5 is the strong threat.} Rxf3 44. Rxb7+ Kg6 45. Re7 Rf4+ {[%emt 0:00:56] Weighted Error Value: White=0.08 (flawless) /Black=0.06 (flawless)} 1/2-1/2

[Event "67th Mexican-ch Open 2022"]
[Site "Chihuahua"]
[Date "2022.04.15"]
[Round "4.24"]
[White "Gongora Montes, Benjamin"]
[Black "Almendarez Verdin, Manuel Adan"]
[Result "1-0"]
[ECO "D97"]
[WhiteElo "2157"]
[BlackElo "1662"]
[Annotator "TA"]
[PlyCount "39"]
[EventDate "2022.04.12"]
[EventType "swiss"]
[EventCountry "MEX"]
[SourceTitle "playchess.com"]
[Source "ChessBase"]
[SourceQuality "1"]
[TimeControl "5400+30"]

1. d4 Nf6 2. c4 g6 3. Nc3 d5 4. Nf3 Bg7 5. Qb3 dxc4 6. Qxc4 O-O 7. e4 Nfd7 8. Bg5 {[%emt 0:04:19] D97: Grünfeld: Russian System: 7 e4, replies other than 7...Bg4.} Nb6 9. Qb3 {[%emt 0:00:06] [#]} Nc6 $146 ({Predecessor:} 9... h6 10. Be3 Kh7 11. Rd1 Bg4 12. Be2 Bxf3 13. gxf3 a5 14. h4 a4 15. Qc2 Nc6 16. Nb5 Rc8 {1-0 (35) Schuster,K (1854)-Schulz,M (2038) Bayern 2001}) 10. d5 {[%emt 0:01:54] White is slightly better.} Nb8 (10... Ne5 $1 $14) 11. Rd1 $16 h6 12. Bf4 a5 13. Be2 $36 {[%emt 0:06:15][%mdl 2048] Black is under strong pressure. 0x0.002037565f53dp-1022s more active pieces.} a4 14. Qc2 {[%emt 0:00:21] Threatens to win with Nb5.} f5 (14... Bg4 $16 {might work better.} 15. Nb5 Na6) 15. Be5 ({White should try} 15. a3 $18) 15... Bxe5 16. Nxe5 Qd6 17. f4 {[%emt 0:04:49] aiming for 0-0.} fxe4 $2 {[%emt 0:00:00] [#]} (17... N6d7 $16) 18. O-O $18 ({Don't do} 18. Qxe4 $6 Bf5 19. Qd4 c5 $16) 18... Qc5+ 19. Kh1 e3 $2 (19... Bf5 $2 20. g4 Bd7 21. Qxe4) (19... N8d7 $18 20. Nxg6 (20. Qxe4 Nxe5 21. g4 Bxg4 $16) 20... Rf7 21. Qxe4 Nf6) 20. Qxg6+ {[%emt 1:18:50] Weighted Error Value: White=0.12 (very precise) /Black=0.86} 1-0

[Event "67th Mexican-ch Open 2022"]
[Site "Chihuahua"]
[Date "2022.04.15"]
[Round "4.25"]
[White "Guerrero Rodriguez, Alejandra"]
[Black "Mora Velasco, Alma Jaqueline"]
[Result "1/2-1/2"]
[ECO "B22"]
[WhiteElo "2019"]
[BlackElo "1780"]
[Annotator "TA"]
[PlyCount "144"]
[EventDate "2022.04.12"]
[EventType "swiss"]
[EventCountry "MEX"]
[SourceTitle "playchess.com"]
[Source "ChessBase"]
[SourceQuality "1"]
[TimeControl "5400+30"]

1. e4 c5 2. c3 Nf6 3. e5 Nd5 4. d4 cxd4 5. Nf3 Nc6 6. cxd4 d6 7. Bc4 Nb6 8. Bb5 a6 {[%emt 0:07:31] B22: Sicilian: 2 c3.} 9. Be2 (9. Bxc6+ $14 bxc6 10. Nc3) 9... dxe5 $15 10. dxe5 Qxd1+ {[%emt 0:02:10] Black is slightly better.} 11. Bxd1 g6 {[%emt 0:03:02] [#]} 12. Bb3 $146 ({Predecessor:} 12. O-O Bg7 13. Re1 Nc4 14. Nc3 e6 15. Bf4 Nxb2 16. Be2 Nb4 17. Reb1 N2d3 18. Bg3 Nxe5 19. Bxe5 Bxe5 20. Nxe5 {½-½ (75) Ibar,M (2314)-Savinell,F (2075) Buenos Aires 2004}) 12... Na5 13. Bc2 Bg7 14. Bf4 Nd5 15. Bg3 Nb4 16. Be4 Bf5 17. Bxf5 gxf5 18. Na3 Nd3+ (18... f4 $142 19. Bh4 Nd3+ 20. Ke2 Nxe5 21. Nxe5 Bxe5) 19. Ke2 $17 Nxb2 20. Rab1 Na4 {[%emt 0:00:36] aiming for ...Nc3+.} 21. Rhc1 {[%emt 0:04:11] Inhibits Nc3+.} O-O 22. Bf4 b5 23. Bd2 Nb7 24. Rc7 Nbc5 25. Rc1 Rfc8 26. Rxc8+ Rxc8 27. Bb4 Rc7 28. Nb1 Kf8 29. Nd4 Bxe5 30. Nxf5 e6 (30... Bxh2 31. g3 $16) 31. Ng3 Ke8 32. Ba5 Rd7 33. Nd2 f5 34. Nb3 Nd3 35. Rc8+ Ke7 36. f3 Nab2 (36... Nf4+ $19 37. Kf2 Nb2) 37. Nh5 Kf7 ({Worse is} 37... Bxh2 38. g3 $17) 38. g4 Nc4 ({Inferior is} 38... Bxh2 39. Rh8 Rd5 40. Bd2 $11) 39. Rd8 $2 (39. h3 $17 {keeps fighting.}) 39... Rxd8 $19 40. Bxd8 Nb4 41. gxf5 exf5 ({Avoid the trap} 41... Nxa2 $2 42. fxe6+ Kxe6 43. f4 $19) 42. Nc1 $2 (42. f4 {was necessary.} Bd6 43. Kf3) 42... Bxh2 43. Bh4 Bd6 {[%emt 0:01:17] Hoping for ...f4.} 44. Be1 Nc2 45. Bc3 (45. Bg3 {was worth a try.}) 45... N2e3 {[%emt 0:01:00] ...Nd5 is the strong threat.} 46. Nd3 Nd5 {[%emt 0:00:19] Prevents Ndf4.} 47. Bd4 a5 48. Ng7 Ne7 49. Nh5 Ng6 50. Nf6 Nge5 51. Nxh7 Kg6 {[%emt 0:01:14] Inhibits Ng5.} 52. Nf8+ Bxf8 53. Bxe5 {[%emt 0:00:21][%mdl 4096] Endgame KBN-KBN} Kf7 54. Bd4 Bd6 55. Nc1 Ke6 56. Kd3 Kd5 {[%emt 0:00:30] Threatens to win with ...f4.} 57. Ne2 b4 58. f4 {[%emt 0:00:33] [#]} Na3 $2 (58... Bc5 $1 $19 59. Bg7 Nd6) 59. Ng3 Bxf4 (59... Ke6 $5 60. Be3 Bc7 $15) 60. Nxf5 Nb5 61. Bb2 {[%emt 0:01:00] [#]} (61. Bb6 $11) 61... Nd6 (61... Bg5 $1 $17 62. Ng3 Nd6) 62. Ne7+ $1 $11 Kc5 63. Bd4+ (63. a3 $11 {keeps the balance.}) 63... Kb5 $17 64. Nd5 Bg3 65. Bb2 Nb7 66. Ne3 Nc5+ 67. Kc2 a4 68. Nf5 Bh2 69. Ne3 Ne4 70. Kd3 Nc5+ 71. Kc2 $1 Bg1 72. Nd5 Bh2 {[%emt 0:00:51] Whites escaped into a draw.  Weighted Error Value: White=0.25 (precise) /Black=0.21 (precise)} (72... Ne6 $17 73. Kd3 Bf2) 1/2-1/2

[Event "67th Mexican-ch Open 2022"]
[Site "Chihuahua"]
[Date "2022.04.15"]
[Round "4.26"]
[White "Salas Estrada, Ana Paola"]
[Black "Avila Fraire, Ameyalli"]
[Result "0-1"]
[ECO "B24"]
[WhiteElo "1654"]
[BlackElo "1955"]
[Annotator "TA"]
[PlyCount "80"]
[EventDate "2022.04.12"]
[EventType "swiss"]
[EventCountry "MEX"]
[SourceTitle "playchess.com"]
[Source "ChessBase"]
[SourceQuality "1"]
[TimeControl "5400+30"]

1. e4 c5 2. Nc3 Nc6 3. g3 g6 4. Bg2 Bg7 5. d3 e6 6. f4 Nge7 7. Nf3 d5 8. O-O O-O 9. Bd2 a6 {[%emt 0:01:18] [#] B24: Closed Sicilian: 3 g3 sidelines.} 10. Qc1 $146 ({Predecessor:} 10. e5 Nf5 11. a3 b5 12. Kh1 Bb7 13. Rb1 f6 14. exf6 Bxf6 15. Ng5 Qd6 16. Re1 {0-1 (45) Kotronias,V (2505)-Wang,J (2363) Divcibare 2018}) 10... b5 11. Nh4 Nd4 {[%emt 0:01:58] Black is slightly better.} 12. Qd1 f5 (12... Bb7 $17) 13. e5 $11 Bb7 14. Be3 Nec6 15. Nb1 {[%emt 0:03:20] Black must now prevent c3.} Nb4 $2 (15... g5 $1 $11) 16. c3 $1 $18 Nbc2 17. Bxd4 Nxa1 18. Bxc5 Rf7 19. Nd2 Rc8 20. Bd6 b4 21. Bxb4 {[%emt 0:01:17] Strongly threatening Ndf3.} Nc2 22. Qxc2 Qb6+ 23. Kh1 (23. Rf2 $1 $18 Qxb4 24. Nc4 $1 ) 23... Qxb4 $16 {[%emt 0:00:07] [#]} 24. Nb3 ({Better is} 24. Nc4 $1 $16 Rxc4 25. dxc4 (25. cxb4 $2 {perishes.} Rxc2 26. Rb1 Rfc7 $19) 25... Qxc4 26. Qb3) 24... Rfc7 25. Nf3 Qb6 26. Qe2 a5 27. Nbd4 (27. Qf2 $5 Qa6 28. a4 $11) 27... h6 (27... a4 $5 ) 28. Nh4 {[%emt 0:00:33] And now g4 would win. Pair of Knights!} Kh7 {[%emt 0:00:47] [#]} 29. Rb1 $2 (29. g4 $1 $16 {[%cal Rg4f5] and life is bright.} Rg8 30. Bh3) 29... Rxc3 $1 $19 {[%emt 0:01:27][%mdl 64] aiming for ...Rc1+. Pin} 30. Ndf3 $2 (30. Qd1 R3c7 31. Nhf3) 30... Rc2 31. Qf1 Rxb2 32. Rd1 Rcc2 {[%emt 0:00:39] Hoping for ...Rf2.} 33. d4 Ba6 34. Qg1 Rxa2 {[%emt 0:00:23] Threatens to win with ...Be2.} 35. Bh3 Be2 36. g4 Bxd1 {[%emt 0:00:31] Black mates.} 37. Qxd1 Qb2 38. Qg1 Ra1 39. Ne1 {[%emt 0:00:43] [#]} Rxe1 $1 40. Qxe1 Rc1 {[%emt 0:13:38] Quite a comeback for Black.  Weighted Error Value: White=0.78/Black=0.31} (40... Rxh2+ $142 41. Kg1 Rxh3 42. gxf5 Qh2+ 43. Kf1 Qh1+ 44. Ke2 Qe4+ 45. Kf2 Rh2+ 46. Kg3 Qxe1+ 47. Kxh2 Qxh4+ 48. Kg1 gxf5 49. Kg2 Qxf4 50. Kg1 a4 51. Kh1 a3 52. Kg1 a2 53. Kg2 a1=Q 54. Kh3 Qh1#) 0-1